 Dungeon Crawl Stone Soup version 0.18.1-8-gdd0e5ea (webtiles) character file.

3805 georgeearnest the Ducker (level 9, -9/88 HPs)
             Began as a Troll Monk on May 31, 2016.
             Was a Priest of Nemelex Xobeh.
             Mangled by a seven-headed hydra (13 damage)
             ... on level 1 of the Lair of Beasts on June 1, 2016.
             The game lasted 00:26:43 (8472 turns).

georgeearnest the Ducker (Troll Monk)               Turns: 8472, Time: 00:26:44

Health: -9/88      AC:  4    Str: 28    XL:     9   Next: 96%
Magic:  8/8        EV: 17    Int:  8    God:    Nemelex Xobeh [***...]
Gold:   113        SH:  0    Dex: 24    Spells: 0 memorised, 8 levels left

rFire  . . .     SeeInvis .     z - +4 long sword of the Mosquito {slice, +Rage rElec MR- Dex+5}
rCold  . . .     Gourm    +     a - +0 robe
rNeg   . . .     Faith    .     (no shield)
rPois  .         Spirit   .     (helmet restricted)
rElec  +         Dismiss  .     (no cloak)
rCorr  .         Reflect  .     (gloves unavailable)
SustAt +         Harm     +     (boots unavailable)
MR     .....                    f - amulet of harm
Stlth  ++........               u - ring of sustain attributes
                                R - +2 ring of dexterity

@: mighty, hasted, very quick, not resistant to hostile enchantments, unstealthy
A: unfitting armour, claws 3, hooves 1, agile 1, blink, clever 1, deformed body,
fast metabolism 3, gourmand, mutation resistance 1, regeneration 2, shaggy fur
1, strong 1, tough skin 2, subdued magic 1
a: Blink, Triple Draw, Renounce Religion, Evoke Berserk Rage


You were on level 1 of the Lair of Beasts.
You worshipped Nemelex Xobeh.
Nemelex Xobeh was most pleased with you.
You were not hungry.

You visited 3 branches of the dungeon, and saw 10 of its levels.
You also visited: Ossuary.

You collected 691 gold pieces.
You spent 578 gold pieces at shops.

Inventory:

Hand Weapons
 z - the +4 long sword of the Mosquito (weapon) {slice, +Rage rElec MR- Dex+5}
   (You bought it in a shop on level 5 of the Dungeon)

   It inflicts extra damage upon your enemies.
   It affects your dexterity (+5).
   It insulates you from electricity.
   It affects your resistance to hostile enchantments.
   It lets you go berserk.
Armour
 a - a +0 robe (worn)
 r - a +0 pair of boots
 y - a +0 pair of boots
Jewellery
 c - an uncursed ring of positive energy
 e - an uncursed amulet of magic regeneration {unknown}
 f - an amulet of harm (around neck)
 u - a ring of sustain attributes (right claw)
 v - an uncursed ring of positive energy
 I - an uncursed ring of see invisible {unknown}
 R - a +2 ring of dexterity (left claw)
Wands
 p - a wand of paralysis (9/24)
 t - a wand of iceblast (0/15)
 w - a wand of paralysis (17/24)
 B - a wand of polymorph (17/24)
 J - a wand of polymorph (10/24)
 M - a wand of slowing (31/48)
Scrolls
 g - 2 scrolls of remove curse
 i - 3 scrolls of teleportation {unknown}
 j - 2 scrolls of fog
 l - 2 scrolls of immolation {unknown}
 q - 2 scrolls of blinking
 s - a scroll of recharging {unknown}
 C - a scroll of magic mapping {unknown}
 P - 2 scrolls of noise {unknown}
 Q - a scroll of vulnerability {unknown}
 T - a scroll of identify
 V - a scroll of random uselessness {unknown}
 W - 2 scrolls of enchant weapon {unknown}
 X - a scroll of fear
 Z - a scroll of amnesia {unknown}
Potions
 d - a potion of curing
 x - a potion of might
 D - 2 potions of lignification
 E - a potion of heal wounds {unknown}
 F - a potion of degeneration {unknown}
 H - a potion of magic {unknown}
Books
 K - a book of Alchemy

   Spells                             Type                      Level
   a - Sublimation of Blood           Necromancy                   2
   b - Ignite Poison                  Fire/Transmutation/Poison    3
   c - Petrify                        Transmutation/Earth          4
   d - Alistair's Intoxication        Transmutation/Poison         5
   e - Irradiate                      Conjuration/Transmutation    5
Miscellaneous
 k - an ornate deck of destruction
 m - a plain deck of destruction
 n - a plain deck of war
 o - a plain deck of war
 N - a plain deck of war
 U - an ornate deck of war
 Y - a legendary deck of wonders
Comestibles
 b - 8 bread rations
 h - 2 meat rations
 A - a royal jelly
 L - 2 slices of pizza
 O - a beef jerky
 S - 10 fruits


   Skills:
 + Level 5.6 Fighting
 * Level 5.4 Long Blades
 + Level 7.9 Dodging
 + Level 3.0 Stealth
 - Level 6.5 Unarmed Combat


You had 8 spell levels left.
You didn't know any spells.

Dungeon Overview and Level Annotations

Branches:
Dungeon (8/15)             Temple (1/1) D:6            Lair (1/8) D:8

Altars:
Ashenzari
Cheibriados
Dithmenos
Elyvilon
Fedhas
Gozag
Kikubaaqudgha
Makhleb
Nemelex Xobeh
Okawaru
Pakellas
Qazlal
Ru
Sif Muna
Trog
Vehumet
Xom
Yredelemnul
Zin
The Shining One

Shops:
D:5 (   D:7 =   D:8 *


Innate Abilities, Weirdness & Mutations

You are too large for most types of armour.
You have claws for hands.
Your metabolism is lightning-fast.
You like to eat raw meat.
You heal very quickly.
You are covered in fur (AC +1).
You have very tough skin (AC +2).
You have large cloven feet.
You are agile. (Dex +2)
You can translocate small distances at will.
Your mind is acute. (Int +2)
Armour fits poorly on your strangely shaped body.
You are somewhat resistant to further mutation.
Your muscles are strong. (Str +2)
Your spells are a little easier to cast, but a little less powerful.


Message History

You feel very mighty all of a sudden. The seven-headed hydra bites you.
The seven-headed hydra bites you!
The seven-headed hydra completely misses you.
The seven-headed hydra bites you. The seven-headed hydra bites you!
* * * LOW HITPOINT WARNING * * *
The seven-headed hydra bites you.
* * * LOW HITPOINT WARNING * * *
The seven-headed hydra bites you.
* * * LOW HITPOINT WARNING * * *
Drink which item? (? for menu, Esc to quit)
You feel yourself speed up. The seven-headed hydra misses you.
The seven-headed hydra completely misses you.
The seven-headed hydra bites you!
* * * LOW HITPOINT WARNING * * *
The seven-headed hydra bites you.
* * * LOW HITPOINT WARNING * * *
The seven-headed hydra closely misses you.
The seven-headed hydra bites you!
You die...
Your body disappears without a glow.

## ###
P.#####P######
.............
...........#
.(.........#
...........#
...........###.##.
..........D.......
........#@###..###
P#P###..<...# +...
# #.#........ .
#.#......#..
.....#...#
..........#
...........#
............#
..............


You could see a seven-headed hydra.

Vanquished Creatures
  A griffon (D:8)
  Sigmund (D:2)
  A water moccasin (D:7)
  A sky beast (D:6)
  2 ice beasts
  2 phantoms
  4 ogres
  A big kobold (D:8)
  2 centaurs
  A crocodile (Lair:1)
  4 giant frogs
  A scorpion (D:8)
  7 wights
  3 howler monkeys
  A centaur zombie (D:7)
  A crimson imp (D:8)
  A quasit (D:7)
  2 hounds
  An orc priest (D:7)
  A centaur skeleton (D:6)
  3 giant frog skeletons
  Terence (D:4)
  4 iguanas
  Natasha (thrice) (D:3)
  8 orc wizards
  7 worker ants
  A hound zombie (D:5)
  2 hound skeletons
  8 mummies (Ossuary)
  A worker ant zombie (D:5)
  11 gnolls
  11 adders
  An ooze (D:3)
  An adder skeleton (D:6)
  3 worms (D:3)
  5 giant geckos
  12 orcs
  2 ball pythons
  13 bats
  9 giant cockroaches
  A gnoll zombie (Ossuary)
  4 goblins
  5 hobgoblins
  6 jackals
  A quokka (D:5)
  5 giant newts
  4 hobgoblin zombies (Ossuary)
  A jackal zombie (D:7)
  14 kobolds
  3 kobold zombies (Ossuary)
  A quokka skeleton (D:5)
  10 rats
199 creatures vanquished.

Vanquished Creatures (others)
  A wizard (D:6)
  2 orc wizards
3 creatures vanquished.

Grand Total: 202 creatures vanquished

Notes
Turn   | Place    | Note
--------------------------------------------------------------
     0 | D:1      | georgeearnest the Troll Monk began the quest for the Orb.
     0 | D:1      | Reached XP level 1. HP: 22/22 MP: 0/0
   283 | D:1      | Reached XP level 2. HP: 28/29 MP: 1/1
   842 | D:2      | Reached XP level 3. HP: 30/36 MP: 2/2
   856 | D:2      | Reached skill level 3 in Dodging
   856 | D:2      | Reached XP level 4. HP: 14/44 MP: 3/3
   937 | D:2      | Noticed Terence
  1733 | D:2      | Noticed Sigmund
  1740 | D:2      | Killed Sigmund
  1740 | D:2      | Reached skill level 4 in Dodging
  1740 | D:2      | Reached skill level 5 in Unarmed Combat
  1740 | D:2      | Reached XP level 5. HP: 51/53 MP: 4/4
  1841 | D:3      | Found a white marble altar of Elyvilon.
  1902 | D:3      | Reached XP level 6. HP: 59/61 MP: 5/5
  2348 | D:3      | Noticed Natasha
  2352 | D:3      | Killed Natasha
  2513 | D:3      | Noticed Natasha
  2521 | D:3      | Killed Natasha
  2591 | D:3      | Noticed Natasha
  2602 | D:3      | Killed Natasha
  2757 | D:4      | Killed Terence
  2801 | D:4      | Found a shattered altar of Ashenzari.
  2972 | D:4      | Reached XP level 7. HP: 40/67 MP: 6/6
  3256 | D:4      | Reached skill level 5 in Dodging
  3356 | D:5      | Entered Level 5 of the Dungeon
  3833 | D:5      | Found Exusoiguta's Antique Weapon Emporium.
  3857 | D:5      | Bought an iridescent long sword for 195 gold pieces
  3858 | D:5      | Identified the +4 long sword of the Mosquito {slice, +Rage rElec MR- Dex+5} (You bought it in a shop on level 5 of the Dungeon)
  3870 | D:5      | Found a sparkling altar of Nemelex Xobeh.
  3872 | D:5      | Reached XP level 8. HP: 74/78 MP: 7/7
  4098 | D:5      | Became a worshipper of Nemelex Xobeh the Trickster
  4098 | D:5      | Received a gift from Nemelex Xobeh
  4098 | D:5      | Reached * piety under Nemelex Xobeh
  4098 | D:5      | Received a gift from Nemelex Xobeh
  4098 | D:5      | Received a gift from Nemelex Xobeh
  4098 | D:5      | Reached ** piety under Nemelex Xobeh
  4175 | D:5      | Received a gift from Nemelex Xobeh
  4389 | D:5      | Reached skill level 1 in Long Blades
  4787 | D:7      | Found Debem's Jewellery Boutique.
  4839 | D:7      | Reached skill level 6 in Dodging
  5058 | D:6      | Gained mutation: Your muscles are strong. (Str +2) [mutagenic meat]
  5059 | D:6      | Gained mutation: Scrolls take you a little longer to read. [mutagenic meat]
  5060 | D:6      | Gained mutation: You can translocate small distances at will. [mutagenic meat]
  5061 | D:6      | Gained mutation: You have large cloven feet. [mutagenic meat]
  5150 | D:6      | Found a sand-covered staircase.
  5158 | Ossuary  | Entered an ossuary
  5587 | D:6      | Found a staircase to the Ecumenical Temple.
  5592 | Temple   | Entered the Ecumenical Temple
  5693 | D:6      | Found a bloodstained altar of Trog.
  5696 | D:6      | Noticed a wizard
  5701 | D:6      | Killed a wizard
  5918 | D:6      | Received a gift from Nemelex Xobeh
  6110 | D:6      | You fall through a shaft!
  6128 | D:7      | Reached XP level 9. HP: 54/85 MP: 8/8
  6337 | D:7      | Reached skill level 7 in Dodging
  6350 | D:7      | Reached skill level 5 in Fighting
  6554 | D:7      | Found a blossoming altar of Fedhas.
  6677 | D:7      | Gained mutation: You are agile. (Dex +2) [potion of mutation]
  6677 | D:7      | Lost mutation: Scrolls take you a little longer to read. [potion of mutation]
  6677 | D:7      | Gained mutation: Armour fits poorly on your strangely shaped body. [potion of mutation]
  6678 | D:7      | Gained mutation: Your mind is acute. (Int +2) [potion of mutation]
  6679 | D:7      | Gained mutation: Your spells are a little easier to cast, but a little less powerful. [potion of mutation]
  6679 | D:7      | Gained mutation: You are somewhat resistant to further mutation. [potion of mutation]
  7460 | D:8      | Found a staircase to the Lair.
  7719 | D:8      | Received a gift from Nemelex Xobeh
  7771 | D:8      | Noticed a griffon
  7778 | D:8      | Killed a griffon
  7778 | D:8      | Reached skill level 5 in Long Blades
  7857 | D:8      | Found Potel's General Store.
  7860 | D:8      | Bought a scroll of fear for 45 gold pieces
  7860 | D:8      | Bought a legendary deck of wonders for 338 gold pieces
  8453 | Lair:1   | Entered Level 1 of the Lair of Beasts
  8453 | Lair:1   | Reached *** piety under Nemelex Xobeh
  8462 | Lair:1   | Noticed a six-headed hydra
  8472 | Lair:1   | HP: 4/88 [seven-headed hydra (1)]
  8472 | Lair:1   | Mangled by a seven-headed hydra

Skill      XL: |  1  2  3  4  5  6  7  8  9 |
---------------+----------------------------+-----
Dodging        | 3 4 5 6 7 |  7.9
Fighting       | 3 4 5 |  5.6
Unarmed Combat | 5 6 |  6.5
Stealth        | 2 3 |  3.0
Long Blades    | 3 5 |  5.4

Action                   |  1- 3 |  4- 6 |  7- 9 || total
-------------------------+-------+-------+-------++-------
Melee: Unarmed           |    66 |   144 |    63 ||   273
       Punch             |     2 |     4 |    12 ||    18
       Long sword        |       |       |   335 ||   335
       Kick              |       |       |    83 ||    83
Evoke: Wand              |       |       |     3 ||     3
  Use: Scroll            |       |       |    11 ||    11
       Potion            |       |       |    17 ||    17
 Stab: Sleeping          |       |     1 |     7 ||     8
       Distracted        |       |     1 |       ||     1
  Eat: Chunk             |    13 |    18 |    46 ||    77
       Beef jerky        |       |       |     2 ||     2
       Meat ration       |       |       |     1 ||     1
Armor: Robe              |    28 |    42 |   102 ||   172
       Skin              |       |       |     1 ||     1
Dodge: Dodged            |    50 |    93 |   355 ||   498
